 Dungeon Crawl Stone Soup version 0.27-a0-1565-gad902ab807 (webtiles) character file.

Game seed: 2183332126703217547

74 pokeman the Magician (level 4, -3/25 HPs)
             Began as a Deep Elf Hedge Wizard on July 16, 2021.
             Was an Initiate of Vehumet.
             Slain by an orc (7 damage)
             ... on level 3 of the Dungeon.
             The game lasted 00:02:51 (2490 turns).

pokeman the Magician (Deep Elf Hedge Wizard)        Turns: 2490, Time: 00:02:51

Health: -3/25      AC:  3    Str:  7    XL:     4   Next: 10%
Magic:  4/13       EV: 11    Int: 20    God:    Vehumet [......]
Gold:   90         SH:  0    Dex: 14    Spells: 3/14 levels left

rFire    . . .     SeeInvis .   h - +0 long sword
rCold    . . .     Faith    .   (no shield)
rNeg     . . .     Spirit   .   k - +0 leather armour
rPois    .         Reflect  .   c - +0 hat
rElec    .         Harm     .   (no cloak)
rCorr    .         Rampage  .   (no gloves)
Will     .....                  (no boots)
Stlth    ++........             (no amulet)
HPRegen  0.08/turn              (no ring)
MPRegen  0.13/turn              (no ring)

@: no status effects
A: no striking features
a: Renounce Religion


You were on level 3 of the Dungeon.
You worshipped Vehumet.
Vehumet was noncommittal.
You visited 1 branch of the dungeon, and saw 3 of its levels.

You collected 90 gold pieces.

Inventory:

Hand Weapons
 e - a +0 arbalest
 h - a +0 long sword (weapon)
Missiles
 j - 7 arrows
Armour
 c - a +0 hat (worn)
 k - a +0 leather armour (worn)
Scrolls
 a - a scroll of blinking {unknown}
 d - 2 scrolls of fear {unknown}
 i - a scroll of enchant armour {unknown}
Potions
 f - a potion of haste {unknown}
 g - a potion of heal wounds {unknown}


   Skills:
 - Level 1.1 Fighting
 - Level 1.1 Armour
 + Level 2.4 Dodging
 - Level 2.4 Stealth
 * Level 5.5 Spellcasting
 + Level 2.1 Conjurations
 - Level 1.1 Summonings
 - Level 1.1 Translocations
 + Level 0.0 Fire Magic


You had 3 spell levels left.
You knew the following spells:

 Your Spells              Type           Power      Damage    Failure   Level
a - Magic Dart            Conj           56%        1d5       7%          1
b - Mephitic Cloud        Conj/Pois/Air  8%         N/A       34%         3
c - Call Imp              Summ           9%         N/A       16%         2
d - Blink                 Tloc           N/A        N/A       16%         2
e - Conjure Flame         Conj/Fire      9%         6-21      30%         3

Your spell library contained the following spells:

 Spells                   Type           Power      Damage    Failure   Level
 Slow                     Hex            5%         N/A       24%         2


Dungeon Overview and Level Annotations

Branches:
Dungeon (3/15)

Altars:
Vehumet


Message History

Your crimson imp hits the orc but does no damage.
You hit the orc but do no damage.
Your crimson imp misses the orc.
The orc hits you with a +0 whip.
Unknown command.
You hit the orc but do no damage.
Your crimson imp hits the orc but does no damage.
The orc hits you with a +0 whip.
* * * LOW HITPOINT WARNING * * *
The orc closely misses your crimson imp.
Your crimson imp hits the orc but does no damage.
Unknown command.
Your crimson imp hits the orc but does no damage.
Casting: Call Imp (safe; 16% risk of failure)
Confirm with . or Enter, or press ? or * to list all spells.
A beastly little devil appears in a puff of flame.
Your crimson imp disappears in a puff of smoke!
The orc hits you with a +0 whip.
* * * LOW HITPOINT WARNING * * *
Your crimson imp blinks!
Casting: Call Imp (safe; 16% risk of failure)
Confirm with . or Enter, or press ? or * to list all spells.
You blink.
The orc hits you with a +0 hand axe.
* * * LOW HITPOINT WARNING * * *
The orc hits your crimson imp with a +0 hand axe.
Your crimson imp hits the orc.
Casting: Blink (safe; 16% risk of failure)
Confirm with . or Enter, or press ? or * to list all spells.
You don't have enough magic to cast this spell.
The orc hits your crimson imp with a +0 whip.
Your crimson imp hits the orc but does no damage.
Your crimson imp hits the orc but does no damage.
Your crimson imp hits the orc.
Things that are here:
a +0 dagger; a +0 scale mail; a +0 club Your crimson imp blinks!
You open the door. The orc barely misses you.
Found 11 stones.
There is an open door here.
You open the door. The orc hits you with a +0 hand axe!
You die...

#.....# ##...## #.....##
##.....##
##...#.####.......##
#.#...#.##.........#
##.......'.........+
##...####.........# ##.##
##.o...(.# #.# ##.....#.
#.# ##o@### #)# ##'# #.#
#.# #.# #.+##+ +##+ #.#
##.#..# #..#.#
#.########..#..#+###+#..#.#
#...........#..#.....#..#.#
#.##.###.#..+..+.._..'..+.#
#.##.# #.##.#..#.....#..#.#


You could see 2 orcs.

Vanquished Creatures
  An orc priest (D:3)
  A dart slug (D:2)
  3 orcs (D:3)
  A bat (D:1)
  2 endoplasms
  4 hobgoblins
  7 jackals
  4 quokkas
  3 ball pythons
  2 goblins
  4 kobolds
  3 rats (D:1)
35 creatures vanquished.

Notes
Turn   | Place    | Note
-------+----------+-------------------------------------------
     0 | D:1      | pokeman the Deep Elf Hedge Wizard began the quest for the
                  | Orb.
     0 | D:1      | Reached XP level 1. HP: 10/10 MP: 7/7
   384 | D:1      | Reached XP level 2. HP: 16/16 MP: 4/9
  1359 | D:2      | Reached skill level 5 in Spellcasting
  1548 | D:2      | Reached XP level 3. HP: 20/20 MP: 9/11
  1552 | D:2      | Learned a level 3 spell: Mephitic Cloud
  1555 | D:2      | Learned a level 2 spell: Call Imp
  1558 | D:2      | Learned a level 2 spell: Blink
  1562 | D:2      | Learned a level 3 spell: Conjure Flame
  2288 | D:3      | Found a radiant altar of Vehumet.
  2293 | D:3      | Became a worshipper of Vehumet
  2442 | D:3      | Reached skill level 1 in Fighting
  2442 | D:3      | Reached skill level 1 in Armour
  2442 | D:3      | Reached XP level 4. HP: 23/25 MP: 4/13
  2490 | D:3      | Slain by an orc

Illustrated notes

Levels and vault maps discovered:
D:1:      lemuel_arrival_lava_pool, layout_basic
D:2:      layout_basic, minmay_misc_feat_four_crosses,
          kennysheep_generic_room_12
D:3:      layout_loops_corners, mainiacjoe_overflow_24_doors,
          shapermc_ecumenical_altar_hornbeckon, minmay_snake_closets,
          uniq_sigmund

Skill      XL: |  1  2  3 |
---------------+----------+-----
Spellcasting   | 5 |  5.5
Fighting       | 1 |  1.1
Armour         | 1 |  1.1
Conjurations   | 2 |  2.1
Dodging        | |  2.4
Stealth        | |  2.4
Summonings     | |  1.1
Translocations | |  1.1

Action                   |  1- 3 |  4- 6 || total
-------------------------+-------+-------++-------
Melee: Long sword        |    16 |     9 ||    25
 Cast: Magic Dart        |    80 |     1 ||    81
       Mephitic Cloud    |     1 |       ||     1
       Call Imp          |       |     2 ||     2
       Blink             |       |     1 ||     1
 Stab: Confused          |     1 |       ||     1
Armor: Robe              |     3 |       ||     3
       Leather armour    |       |     2 ||     2
Dodge: Dodged            |    21 |     4 ||    25
       Rpst.: Long sword |     8 |     1 ||     9

Table legend: (Time is in decaauts)
 A = Elapsed time spent in this place.
 B = Non-inter-level travel time spent in this place.
 C = Inter-level travel time spent in this place.
 D = Time resting spent in this place.
 E = Time spent auto-exploring this place.
 F = Levels seen in this place.
 G = Mean time per level.
                   A        B        C        D        E       F      G
               +--------+--------+--------+--------+--------+-----+--------+
         Total |   2500 |   2404 |     96 |      0 |   2130 |   3 |  833.3 |
       Dungeon |   2500 |   2404 |     96 |      0 |   2130 |   3 |  833.3 |
               +--------+--------+--------+--------+--------+-----+--------+

Top non-repeatable levels by time:
     D:1: 1224 daAuts
     D:2: 843 daAuts
     D:3: 432 daAuts
